 Dungeon Crawl Stone Soup version 0.21-a0-264-g3e31e41 (console) character file.

16 Mandevil the Sneak (level 2, -1/28 HPs)
             Began as a Naga Monk on Sept 8, 2017.
             Slain by a frilled lizard (2 damage)
             ... on level 2 of the Dungeon.
             The game lasted 00:01:02 (444 turns).

Mandevil the Sneak (Naga Monk)                       Turns: 444, Time: 00:01:03

Health: -1/28      AC:  1    Str: 13    XL:     2   Next: 54%
Magic:  2/2        EV: 10    Int: 15    God:
Gold:   65         SH:  0    Dex: 13    Spells: 1/1 levels left

rFire    . . .     SeeInvis +   a - +0 spear
rCold    . . .     Gourm    .   (no shield)
rNeg     . . .     Faith    .   b - +0 robe
rPois    +         Spirit   .   (no helmet)
rElec    .         Reflect  .   (no cloak)
rCorr    .         Harm     .   (no gloves)
MR       .....                  (no barding)
Stlth    ++........             (no amulet)
HPRegen  0.09/turn              (no ring)
MPRegen  0.08/turn              (no ring)

@: brilliant, short of breath, very slow
A: see invisible, deformed body, poison resistance, slowness 2, slow metabolism
1, spit poison 1, AC +0
a: Spit Poison


You were on level 2 of the Dungeon.
You were not hungry.

You visited 1 branch of the dungeon, and saw 2 of its levels.

You collected 65 gold pieces.

Inventory:

Hand Weapons
 a - a +0 spear (weapon)
Missiles
 s - 12 stones (quivered)
Armour
 b - a +0 robe (worn)
Scrolls
 g - a scroll of noise {unknown}
 h - 2 scrolls of remove curse {unknown}
 j - a scroll of magic mapping {unknown}
Comestibles
 c - a bread ration
 d - a royal jelly
 f - 7 chunks of flesh
 i - a meat ration


   Skills:
 - Level 3.0 Fighting
 + Level 3.5 Polearms
 - Level 2.4 Dodging
 + Level 3.8 Stealth


You had one spell level left.
You didn't know any spells.

Dungeon Overview and Level Annotations

Branches:
Dungeon (1/15)

Altars:


Innate Abilities, Weirdness & Mutations

You cannot wear boots.
Your serpentine skin is tough. (AC +0)
You have supernaturally acute eyesight. (SInv)
Armour fits poorly on your strangely shaped body.
Your system is resistant to poisons. (rPois)
You cover ground very slowly.
You have a slow metabolism.
You can spit poison.


Message History

The frilled lizard bites you.
It was a potion of brilliance.
You feel clever all of a sudden. The adder bites you.
* * * LOW HITPOINT WARNING * * *
The frilled lizard hisses.
The frilled lizard closely misses you.
You miss the adder.
The adder is heavily wounded.
The adder bites you.
* * * LOW HITPOINT WARNING * * *
The frilled lizard barely misses you.
Press: ? - help, Shift-Dir - straight line, f/p - adder
Aim: an adder (heavily wounded)
The splash of poison hits the adder.
The adder is severely wounded.
You feel slightly more hungry. The adder bites you.
* * * LOW HITPOINT WARNING * * *
The adder closely misses you. The frilled lizard bites you.
You die...

.#
(
##.
#..
#.#
#.#
#S#
#N#
#l#
#.#
#.#
#.#
#.#
#.#
#.#


You could see an adder and a frilled lizard.

Vanquished Creatures
  2 dart slugs (D:1)
  2 bats (D:1)
  A giant cockroach (D:1)
  2 goblins (D:1)
  A hobgoblin (D:1)
  A ball python (D:1)
  2 rats (D:1)
11 creatures vanquished.

Vanquished Creatures (others)
  4 toadstools (D:1)
4 creatures vanquished.

Grand Total: 15 creatures vanquished

Notes
Turn   | Place    | Note
-------+----------+-------------------------------------------
     0 | D:1      | Mandevil the Naga Monk began the quest for the Orb.
     0 | D:1      | Reached XP level 1. HP: 21/21 MP: 1/1
   255 | D:1      | Reached XP level 2. HP: 26/28 MP: 2/2
   432 | D:1      | You fall through a shaft!
   444 | D:2      | HP: 1/28 [adder (1)]
   444 | D:2      | Slain by a frilled lizard

Vault maps used:
D:1:      ldierk_walled_garden_2
D:2:      kennysheep_generic_room_3

Action                   || total
-------------------------++-------
Melee: Spear             ||    42
 Abil: Spit Poison       ||     3
  Use: Potion            ||     1
 Stab: Sleeping          ||     6
Armor: Robe              ||     3
Dodge: Dodged            ||    17

Table legend:
 A = Spawn XP
 B = Non-spawn XP
 C = Spawn XP percentage of total XP
 D = Spawn monster count
 E = Non-spawn monster count
 F = Spawn count percentage of total count
 G = Total turns spent on level
                    A         B        C        D         E        F      G
               +---------+---------+-------+---------+---------+-------+---------
         Total |       0 |      23 |   0.0 |       0 |      11 |   0.0 |   444
               +---------+---------+-------+---------+---------+-------+---------
           D:1 |       0 |      23 |   0.0 |       0 |      11 |   0.0 |   432
               +---------+---------+-------+---------+---------+-------+---------
